 Dungeon Crawl Stone Soup version 0.26.0-11-g8f856b5395 (webtiles) character file.

Game seed: 11364816054835552071

3055 runemasterragnar the Warrior (level 9, -2/118 HPs)
             Began as an Ogre Monk on Jan 15, 2021.
             Was a Priest of Okawaru.
             Slain by an unseen horror (4 damage)
             ... on level 10 of the Dungeon.
             The game lasted 00:18:09 (11367 turns).

runemasterragnar the Warrior (Ogre Monk)           Turns: 11367, Time: 00:18:10

Health: -2/118     AC:  6    Str: 19    XL:     9   Next: 87%
Magic:  11/11      EV: 11    Int: 12    God:    Okawaru [***...]
Gold:   410        SH:  5    Dex:  9    Spells: 4/8 levels left

rFire    . . .     SeeInvis .   z - -1 mace (curse)
rCold    . . .     Faith    .   (no shield)
rNeg     . . .     Spirit   .   b - +1 robe
rPois    +         Reflect  +   (helmet restricted)
rElec    .         Harm     .   (no cloak)
rCorr    .         Rampage  .   (gloves unavailable)
Will     .....                  (boots unavailable)
Stlth    ..........             w - amulet of reflection
HPRegen  0.29/turn              B - ring of poison resistance
MPRegen  0.12/turn              j - ring of attention (curse)

@: no status effects
A: large, unfitting armour, antennae 1, molten scales 1, clumsy 1, tough skin 1
a: Renounce Religion, Heroism


You were on level 10 of the Dungeon.
You worshipped Okawaru.
Okawaru was most pleased with you.
You visited 2 branches of the dungeon, and saw 11 of its levels.

You collected 410 gold pieces.

Inventory:

Hand Weapons
 a - a +0 mace
 p - a +1 war axe
 s - a +0 vampiric whip
 z - a cursed -1 mace (weapon)
 E - a +1 spear of freezing
 J - a +4 flail
Missiles
 f - 5 poisoned darts (quivered)
 r - 2 throwing nets
 D - 8 boomerangs
Armour
 b - a +1 robe (worn)
Magical Staves
 h - an uncursed staff of poison {unknown}
Jewellery
 g - a +4 ring of evasion
 j - a cursed ring of attention (right hand)
 t - a +6 ring of intelligence
 w - an amulet of reflection (around neck)
 B - a ring of poison resistance (left hand)
 C - a +4 ring of protection {unknown}
 I - an uncursed ring of ice
Wands
 q - a wand of iceblast (5)
 F - a wand of acid (9)
 G - a wand of flame (5)
Scrolls
 c - 5 scrolls of enchant weapon
 d - 3 scrolls of teleportation
 e - 4 scrolls of magic mapping
 m - a scroll of amnesia
 y - a scroll of enchant armour
 K - a scroll of identify
Potions
 i - a potion of cancellation
 k - 3 potions of heal wounds
 l - a potion of curing
 n - a potion of attraction
 o - a potion of resistance {unknown}
 u - 4 potions of haste
 v - 2 potions of degeneration
 x - a potion of berserk rage {unknown}
 A - 2 potions of flight {unknown}
 H - 2 potions of magic {unknown}


   Skills:
 + Level 16.1 Fighting
 + Level 4.8 Maces & Flails
 * Level 5.2 Throwing
 + Level 4.7 Dodging
 - Level 1.4 Stealth
 + Level 3.2 Invocations


You had 4 spell levels left.
You knew the following spells:

 Your Spells              Type           Power        Failure   Level
a - Summon Lightning Spi  Summ/Air       0%           97%         4

Your spell library contained the following spells:

 Spells                   Type           Power        Failure   Level
 Freeze                   Ice            0%           32%         1
 Summon Small Mammal      Summ           0%           32%         1
 Call Imp                 Summ           0%           45%         2
 Call Canine Familiar     Summ           0%           69%         3
 Frozen Ramparts          Ice            0%           69%         3
 Ozocubu's Armour         Ice            0%           69%         3
 Summon Guardian Golem    Hex/Summ       0%           69%         3
 Hailstorm                Conj/Ice       0%           97%         4
 Summon Ice Beast         Ice/Summ       0%           97%         4


Dungeon Overview and Level Annotations

Branches:
Dungeon (10/15)            Temple (1/1) D:4            Lair (0/6) D:8
    Orc: D:9-12

Altars:
Ashenzari
Cheibriados
Dithmenos
Fedhas
Gozag
Kikubaaqudgha
Nemelex Xobeh
Okawaru
Qazlal
Sif Muna
Trog
Uskayaw
Vehumet
Wu Jian
Xom
Yredelemnul
Zin
The Shining One
Lugonu

Portals:
Abyss: D:8

Annotations:
D:3 2 transporters, Tocho's ghost, amateur HuGl
D:4 1 runed translucent door, SturgillTurtle's ghost, amateur OpFi
D:5 2 transporters, HeHawThorn's ghost, novice TrMo


Innate Abilities, Weirdness & Mutations

You are too large for most types of armour.
You have tough skin. (AC +1)
You have a pair of small antennae on your head.
You are partially covered in molten scales. (AC +2)
You are clumsy. (Dex -2)


Message History

Throw: 7 darts (poison)
Press: ? - help, Q - select action, (/) - cycle Shift-Dir - straight line You throw a poisoned dart.
Something hits you but does no damage.
Unknown command.
Throw: 6 darts (poison)
Press: ? - help, Q - select action, (/) - cycle Shift-Dir - straight line You throw a poisoned dart.
Something hits you!
* * * LOW HITPOINT WARNING * * *
Something hits you.
* * * LOW HITPOINT WARNING * * *
Okay, then.
Evoke which item? (* to show all) (? for menu, Esc to quit)
Aiming: Corrosive Bolt
Press: ? - help, Shift-Dir - straight line Something hits you.
* * * LOW HITPOINT WARNING * * *
Something hits you.
You die...

#......†.......#
'...⌠..'########
#.......≈######
#......#([(...#
#####.#######'##
#..........###
##.........(.#
.........#)#
.........#@#
.........#{#
.........#(#
.........#((Z
.........###.
.........# ..
.........# ..
######'## ##.
##.# .#


There were no monsters in sight!

Vanquished Creatures
  A hornet (D:7)
  Eustachio (D:6)
  2 orc warriors
  An ice beast (D:8)
  2 sky beasts
  2 centaurs (D:8)
  A big kobold (D:8)
  2 scorpions
  5 killer bees (D:7)
  4 howler monkeys
  A crimson imp (D:7)
  6 orc priests
  7 hounds
  17 orc wizards
  A jelly (D:8)
  A bullfrog skeleton (D:8)
  An iguana (D:8)
  4 worker ants
  Robin (D:3)
  8 adders
  7 gnolls
  2 white imps
  An ufetubus (D:5)
  An ooze (D:1)
  3 worms
  6 leopard geckos
  22 orcs
  9 giant cockroaches
  11 goblins
  10 hobgoblins
  8 jackals
  11 kobolds
  4 quokkas
  8 bats
  5 frilled lizards
  A leopard gecko skeleton (D:7)
  A quokka skeleton (D:8)
  A quokka zombie (D:4)
  6 rats
  A spectral orc (D:5)
186 creatures vanquished.

Vanquished Creatures (others)
  2 fungi (D:8)
  A lurking horror (D:8)
  6 plants (D:8)
9 creatures vanquished.

Grand Total: 195 creatures vanquished

Notes
Turn   | Place    | Note
-------+----------+-------------------------------------------
     0 | D:1      | runemasterragnar the Ogre Monk began the quest for the Orb.
     0 | D:1      | Reached XP level 1. HP: 24/24 MP: 1/1
    59 | D:1      | Reached XP level 2. HP: 30/33 MP: 2/2
   125 | D:1      | HP: 1/33 [kobold/+0 short sword (5)]
   378 | D:1      | Reached XP level 3. HP: 40/40 MP: 3/3
   856 | D:2      | HP: 2/41 [kobold/stone (2)]
   857 | D:2      | Reached skill level 5 in Fighting
   857 | D:2      | Reached XP level 4. HP: 2/50 MP: 4/4
  1268 | D:2      | Reached skill level 1 in Throwing
  2026 | D:2      | Reached XP level 5. HP: 29/59 MP: 5/5
  2626 | D:3      | Noticed a phantom
  2895 | D:3      | Reached skill level 6 in Fighting
  3392 | D:3      | Found a transporter.
  3394 | D:3      | Found a transporter.
  3398 | D:3      | Noticed Tocho's ghost (amateur HuGl)
  3433 | D:3      | Noticed Robin
  3461 | D:3      | Reached skill level 15 in Fighting
  3461 | D:3      | Reached XP level 6. HP: 57/91 MP: 6/6
  3519 | D:3      | Killed Robin
  3533 | D:3      | Found a sparkling altar of Nemelex Xobeh.
  4158 | D:4      | Reached XP level 7. HP: 97/98 MP: 7/7
  4514 | D:4      | Found a runed translucent door.
  4515 | D:4      | Noticed SturgillTurtle's ghost (amateur OpFi)
  4622 | D:4      | Found a staircase to the Ecumenical Temple.
  4636 | Temple   | Entered the Ecumenical Temple
  4744 | Temple   | Became a worshipper of Warmaster Okawaru
  4744 | Temple   | Reached * piety under Okawaru
  4744 | Temple   | Reached ** piety under Okawaru
  4931 | D:4      | Found a shimmering blue altar of Sif Muna.
  4931 | D:4      | Found a snail-covered altar of Cheibriados.
  5065 | D:5      | Entered Level 5 of the Dungeon
  5067 | D:5      | Found a transporter.
  5068 | D:5      | Noticed HeHawThorn's ghost (novice TrMo)
  5076 | D:5      | Found a transporter.
  5551 | D:5      | Found a basalt altar of Yredelemnul.
  5825 | D:6      | Noticed Eustachio
  5859 | D:6      | Killed Eustachio
  5933 | D:6      | Reached skill level 1 in Invocations
  6049 | D:6      | Reached XP level 8. HP: 108/109 MP: 8/8
  7164 | D:7      | Noticed a hornet
  7183 | D:7      | Killed a hornet
  7183 | D:7      | Reached *** piety under Okawaru
  7553 | D:7      | Learned a level 4 spell: Summon Lightning Spire
  7575 | D:7      | Reached XP level 9. HP: 118/118 MP: 10/10
  8519 | D:7      | Gained mutation: You have a pair of small antennae on your
                  | head. [potion of mutation]
  8519 | D:7      | Gained mutation: You are clumsy. (Dex -2) [potion of
                  | mutation]
  8519 | D:7      | Gained mutation: You are partially covered in molten
                  | scales. (AC +2) [potion of mutation]
  9830 | D:8      | Reached skill level 16 in Fighting
 10055 | D:8      | Found a staircase to the Lair.
 10308 | D:8      | Found a one-way gate to the infinite horrors of the Abyss.
 10310 | D:8      | Found a corrupted altar of Lugonu.
 10673 | D:9      | Noticed a troll
 10725 | D:10     | Entered Level 10 of the Dungeon
 11169 | D:10     | Reached skill level 5 in Throwing
 11367 | D:10     | HP: 2/118 [something (5)]
 11367 | D:10     | Slain by an unseen horror

Illustrated notes

Levels and vault maps discovered:
D:1:      sevenhm_arrival_forest_fort_small_6, layout_rooms, minivault_25
D:2:      layout_loops_cross
D:3:      layout_basic, lemuel_doored_altar, gammafunk_ghost_mausoleum,
          uniq_robin
D:4:      layout_loops_ring, gammafunk_temple_overflow_pools,
          minmay_temple_entry_antechambers, ebering_ghost_reflecting_pool
D:5:      layout_basic, yredelemnul_forgotten_temple_becter,
          gammafunk_ghost_smash
D:6:      layout_basic, uniq_eustachio
D:7:      layout_gridville, minmay_fire_ice_demons
D:8:      layout_rooms, dpeg_oklobed_lair, amcnicky_altar_lugonu_corruption
D:9:      layout_gridville, orc_david_3, minmay_shop_damaged,
          makhleb_altar_promises_db
D:10:     layout_roguey, solitary_fountain, serial_park_tiny_2,
          kennysheep_generic_room_13
Temple:   dpeg_five_rooms_temple

Skill      XL: |  1  2  3  4  5  6  7  8  9 |
---------------+----------------------------+-----
Maces & Flails | 3 4 |  4.8
Dodging        | 3 4 |  4.7
Fighting       | 5 15 16 | 16.1
Throwing       | 1 2 4 5 |  5.2
Invocations    | 1 2 3 |  3.2
Stealth        | |  1.4

Action                   |  1- 3 |  4- 6 |  7- 9 || total
-------------------------+-------+-------+-------++-------
Melee: Mace              |    93 |   167 |   409 ||   669
Throw: Dart              |    19 |    44 |   216 ||   279
       Boomerang         |       |       |     9 ||     9
Invok: Heroism           |       |       |     3 ||     3
Evoke: Wand              |       |       |    10 ||    10
  Use: Potion            |     2 |     1 |     3 ||     6
       Scroll            |       |     2 |    12 ||    14
 Stab: Sleeping          |     2 |     2 |       ||     4
Armor: Robe              |    54 |    26 |   150 ||   230
       Skin              |       |       |    26 ||    26
Dodge: Dodged            |   119 |   175 |   310 ||   604
Block: Other             |       |       |   105 ||   105
       Reflection        |       |       |     7 ||     7
